 Dungeon Crawl Stone Soup version 0.17-a0-1562-g9b2c768 (webtiles) character file.

35652 urechis the Destroyer (level 13, -3/76 HPs)
             Began as a Deep Elf Conjurer on July 20, 2015.
             Was a High Priest of Vehumet.
             Slain by a porcupine (6 damage)
             ... on level 5 of the Lair of Beasts.
             The game lasted 01:32:14 (19736 turns).

urechis the Destroyer (Deep Elf Conjurer)          Turns: 19736, Time: 01:32:15

Health: -3/76      AC:  9    Str:  5    XL:     13   Next: 48%
Magic:  13/38      EV: 18    Int: 26    God:    Vehumet [*****.]
Gold:   793        SH:  0    Dex: 15    Spells: 8 memorised, 5 levels left

rFire  + . .     SeeInvis +     H - staff of fire
rCold  . . .     Clarity  .     A - +0 animal skin
rNeg   . . .     SustAt   .     (no shield)
rPois  .         Gourm    .     z - +2 helmet
rElec  .         Spirit   .     l - +0 cloak
rCorr  .         Warding  .     o - +0 pair of gloves
rMut   .         Stasis   .     V - +1 pair of boots
MR     +....                    (no amulet)
Stlth  ++........               a - ring of see invisible
                                F - ring of magical power

@: somewhat resistant to hostile enchantments, unstealthy
A: no striking features
a: Renounce Religion


You were on level 5 of the Lair of Beasts.
You worshipped Vehumet.
Vehumet was extremely pleased with you.
You were hungry.

You visited 3 branches of the dungeon, and saw 18 of its levels.

You collected 938 gold pieces.
You spent 145 gold pieces at shops.

Inventory:

Armour
 l - a +0 cloak (worn)
 o - a +0 pair of gloves (worn)
 z - a +2 helmet (worn)
 A - a +0 animal skin (worn)
 V - a +1 pair of boots (worn)
Magical staves
 H - an uncursed staff of fire (weapon)
Jewellery
 a - a ring of see invisible (right hand)
 r - an uncursed ring of ice {unknown}
 F - a ring of magical power (left hand)
Magical devices
 y - a wand of invisibility (9)
 O - a wand of teleportation (9)
Scrolls
 d - 2 scrolls of amnesia
 e - 2 scrolls of fear
 f - 3 scrolls of enchant armour
 m - 2 scrolls of magic mapping
 s - a scroll of recharging
 t - a scroll of brand weapon {unknown}
 x - 8 scrolls of remove curse
 B - 7 scrolls of enchant weapon
 C - 7 scrolls of blinking
 I - 3 scrolls of immolation
 K - a scroll of teleportation
 T - 3 scrolls of fog
Potions
 j - 11 potions of haste
 k - a potion of beneficial mutation {unknown}
 n - 4 potions of curing
 p - 7 potions of heal wounds
 q - a potion of cure mutation {unknown}
 u - a potion of cancellation {unknown}
 v - 4 potions of flight
 w - 2 potions of lignification {unknown}
 D - 2 potions of poison {unknown}
 J - a potion of mutation {unknown}
 M - 2 potions of magic {unknown}
 N - 2 potions of berserk rage {unknown}
 P - 3 potions of ambrosia {unknown}
 S - 2 potions of agility {unknown}
 U - a potion of might {unknown}
 X - a potion of invisibility {unknown}
 Y - 4 potions of brilliance
 Z - a potion of resistance {unknown}
Comestibles
 b - 7 chunks of flesh
 c - 15 bread rations
 g - 8 meat rations
 h - 2 slices of pizza
 i - 8 royal jellies
 E - 4 beef jerkies
 Q - 11 fruits


   Skills:
 + Level 6.8 Fighting
 + Level 10.0 Dodging
 - Level 2.4 Stealth
 + Level 10.4 Spellcasting
 * Level 14.2 Conjurations
 - Level 11.0 Charms
 * Level 12.0 Fire Magic
 - Level 4.0 Evocations


You had 5 spell levels left.
You knew the following spells:

 Your Spells              Type           Power        Failure   Level  Hunger
a - Magic Dart            Conj           ####         0%          1    None
b - Iskenderun's Battles  Conj/Chrm      ######..     1%          5    ####...
c - Searing Ray           Conj           ######       1%          2    None
d - Iskenderun's Mystic   Conj           ######..     1%          4    None
e - Ignite Poison         Fire/Trmt/Pois ######..     1%          3    None
f - Bolt of Magma         Conj/Fire/Erth ######....   1%          5    ####...
g - Mephitic Cloud        Conj/Pois/Air  #####...     1%          3    None
h - Force Lance           Conj/Tloc      ######..     1%          4    None


Dungeon Overview and Level Annotations

Branches:
Dungeon (12/15)            Temple (1/1) D:4            Lair (5/8) D:8
    Orc (0/4) D:12
  Swamp: Lair:3-6    Shoals: Lair:3-6     Snake: Lair:3-6    Spider: Lair:3-6

Altars:
Ashenzari
Cheibriados
Dithmenos
Elyvilon
Fedhas
Gozag
Kikubaaqudgha
Makhleb
Nemelex Xobeh
Okawaru
Qazlal
Ru
Sif Muna
Trog
Vehumet
Xom
Yredelemnul
Zin
The Shining One
Jiyva

Shops:
D:6 *   D:9 [

Portals:
Trove: D:11 (give +4 demon whip)


Message History

Press: ? - help, Shift-Dir - straight line, f/p - water moccasin
Aim: a water moccasin (severely wounded)
The magic dart hits the water moccasin.
The water moccasin is severely wounded.
Your battlesphere fires!
The barrage of energy hits the water moccasin.
You kill the water moccasin!
Vehumet accepts your kill.
You feel your power returning.
Your battlesphere expends the last of its energy and dissipates.
You start resting.
The boulder beetle hits a rock wall.
The boulder beetle stops rolling.
The boulder beetle bites you!!
* * * LOW HITPOINT WARNING * * *
A porcupine comes into view.
The porcupine misses you.
You are struck by the porcupine's spines.
* * * LOW HITPOINT WARNING * * *
You hit the porcupine but do no damage. The porcupine bites you.
You die...

#P...†............
#..........♣....♣
##.......#......#
#......##.B.P.##
#.......#.P##.#
##PP.....#### #
#..PP...##
####P..#.# #P.#@##
##+r## ... .....
.......# .......
....... .......


You could see a porcupine.

Vanquished Creatures
  4 hydras
  Erica (D:11)
  2 catoblepae
  3 death yaks
  2 unseen horrors (D:12)
  3 hill giants
  A lindwurm (Lair:3)
  A griffon (Lair:4)
  2 cyclopes
  4 elephants (Lair:5)
  A manticore (D:12)
  A gargoyle (D:10)
  3 black mambas
  A centaur skeleton (D:12)
  3 komodo dragons
  4 spiny frogs
  2 trolls
  A queen bee (D:10)
  10 blink frogs
  3 two-headed ogres
  27 yaks
  A deep elf mage (D:10)
  6 spriggans (Lair:4)
  A wyvern (D:10)
  Grum (Lair:1)
  A wraith (D:11)
  A hungry ghost (D:9)
  3 hippogriffs
  A mottled dragon (D:11)
  A steam dragon (D:11)
  2 porcupines
  8 water moccasins
  16 wolves
  A wasp (D:12)
  An eye of draining (D:12)
  2 ice beasts
  5 black bears
  A phantom (D:4)
  5 centaurs
  3 orc warriors
  4 ogres
  2 big kobolds
  5 crocodiles
  14 giant frogs
  4 scorpions
  30 killer bees
  A quasit (D:8)
  6 wights
  3 electric eels (D:9)
  5 crimson imps
  A giant frog zombie (D:11)
  6 hounds
  3 centaur zombies
  3 orc priests
  7 jellies
  12 iguanas
  6 hell rats (Lair:2)
  3 orc wizards
  11 worker ants
  15 sheep
  A hound zombie (D:11)
  A hound skeleton (D:7)
  Robin (D:4)
  10 adders
  18 river rats
  2 worker ant zombies
  A shadow imp (D:9)
  3 oozes
  3 worms
  7 giant geckos
  27 orcs
  2 ball pythons (D:5)
  4 bat skeletons
  18 hobgoblins
  11 jackals
  21 kobolds
  4 quokkas
  11 bats
  7 giant cockroaches
  2 giant gecko skeletons
  A giant gecko zombie (D:6)
  2 giant newts
  23 goblins
  A quokka skeleton (D:6)
  A quokka zombie (D:5)
  15 rats
477 creatures vanquished.

Vanquished Creatures (others)
  5 fungi
  3 plants
8 creatures vanquished.

Grand Total: 485 creatures vanquished

Notes
Turn   | Place    | Note
--------------------------------------------------------------
     0 | D:1      | urechis the Deep Elf Conjurer began the quest for the Orb.
     0 | D:1      | Reached XP level 1. HP: 10/10 MP: 6/6
   168 | D:1      | Reached XP level 2. HP: 15/15 MP: 6/8
   216 | D:1      | Reached skill level 5 in Conjurations
   219 | D:1      | Found a sparkling altar of Nemelex Xobeh.
   686 | D:2      | Found a basalt altar of Yredelemnul.
   731 | D:2      | Reached XP level 3. HP: 16/19 MP: 4/9
  1507 | D:3      | Reached skill level 6 in Conjurations
  1529 | D:3      | Reached XP level 4. HP: 24/24 MP: 4/10
  2121 | D:3      | You fall through a shaft for 2 floors!
  2121 | D:5      | Entered Level 5 of the Dungeon
  2134 | D:5      | Found an iron altar of Okawaru.
  2417 | D:4      | Reached XP level 5. HP: 28/28 MP: 6/11
  2471 | D:4      | Learned a level 5 spell: Iskenderun's Battlesphere
  2472 | D:4      | Noticed Robin
  2473 | D:4      | Reached skill level 7 in Conjurations
  3201 | D:4      | Reached skill level 1 in Charms
  3460 | D:4      | Found a staircase to the Ecumenical Temple.
  3470 | Temple   | Entered the Ecumenical Temple
  3555 | Temple   | Became a worshipper of Vehumet
  3653 | D:4      | Learned a level 2 spell: Searing Ray
  3824 | D:4      | Reached XP level 6. HP: 32/32 MP: 6/12
  3932 | D:4      | Noticed a phantom
  3958 | D:4      | Killed a phantom
  4643 | D:4      | Reached skill level 5 in Charms
  4967 | D:4      | Found a staircase to the Ecumenical Temple.
  4971 | D:4      | Killed Robin
  5764 | D:5      | Reached XP level 7. HP: 36/36 MP: 4/13
  5853 | D:5      | Acquired Vehumet's first power
  5853 | D:5      | Offered knowledge of Flame Tongue by Vehumet.
  5856 | D:5      | Learned a level 1 spell: Flame Tongue
  6467 | D:5      | Noticed an ice beast
  6486 | D:5      | Killed an ice beast
  6486 | D:5      | Reached skill level 8 in Conjurations
  6900 | D:6      | Found an ancient bone altar of Kikubaaqudgha.
  7069 | D:6      | Found a white marble altar of Elyvilon.
  7245 | D:6      | Found a shimmering altar of Xom.
  7315 | D:6      | Found Xeockuic's Assorted Antiques.
  7318 | D:6      | Bought a crude steel amulet for 145 gold pieces
  7318 | D:6      | Identified the amulet "Xaklo" {Stasis Int+3 Dex+5} (You bought it in a shop on level 6 of the Dungeon)
  7430 | D:6      | Found an opulent altar of Gozag.
  7826 | D:7      | Reached skill level 1 in Fire Magic
  7828 | D:7      | Offered knowledge of Sandblast by Vehumet.
  7834 | D:7      | Noticed a hill giant
  7841 | D:7      | Killed a hill giant
  7841 | D:7      | Reached skill level 1 in Fighting
  7841 | D:7      | Reached skill level 1 in Evocations
  7841 | D:7      | Reached XP level 8. HP: 41/43 MP: 6/16
  8285 | D:7      | Reached skill level 9 in Charms
  8556 | D:7      | Reached XP level 9. HP: 48/48 MP: 17/17
  8615 | D:7      | Found a bloodstained altar of Trog.
  8933 | D:7      | Reached skill level 5 in Spellcasting
  8960 | D:7      | Found a glowing silver altar of Zin.
  9515 | D:8      | Found a staircase to the Lair.
  9578 | D:8      | Found a blossoming altar of Fedhas.
  9582 | D:8      | Offered knowledge of Ignite Poison by Vehumet.
  9584 | D:8      | Reached skill level 5 in Dodging
  9584 | D:8      | Reached skill level 5 in Fire Magic
 10152 | D:9      | Noticed a centaur zombie
 10178 | D:9      | Killed a centaur zombie
 10178 | D:9      | Reached skill level 10 in Conjurations
 10546 | D:9      | Acquired Vehumet's second power
 10551 | D:9      | Learned a level 3 spell: Ignite Poison
 10552 | D:9      | Reached XP level 10. HP: 53/56 MP: 17/20
 10751 | D:9      | Reached skill level 10 in Charms
 11088 | D:9      | Found Amuil's Antique Armour Shop.
 11204 | D:9      | Offered knowledge of Sticky Flame by Vehumet.
 11348 | D:10     | Entered Level 10 of the Dungeon
 11422 | D:10     | Noticed a hill giant
 11426 | D:10     | Killed a hill giant
 11904 | D:10     | Noticed a five-headed hydra
 11910 | D:10     | Killed a five-headed hydra
 11910 | D:10     | Reached skill level 11 in Conjurations
 12118 | D:10     | Reached XP level 11. HP: 32/61 MP: 12/23
 12118 | D:10     | Acquired Vehumet's third power
 12653 | D:11     | Identified a cursed +1 rod of clouds (13/13) (You found it on level 11 of the Dungeon)
 12694 | D:11     | Noticed a hill giant
 12700 | D:11     | Killed a hill giant
 12935 | D:11     | Offered knowledge of Bolt of Magma by Vehumet.
 12943 | D:11     | Learned a level 5 spell: Bolt of Magma
 12969 | D:11     | Noticed Erica
 12981 | D:11     | Killed Erica
 13349 | D:11     | Learned a level 3 spell: Mephitic Cloud
 13354 | D:11     | Learned a level 4 spell: Force Lance
 13790 | D:11     | Found a portal to a secret trove of treasure.
 14071 | D:12     | Reached skill level 5 in Fighting
 14086 | D:12     | Found a viscous altar of Jiyva.
 14323 | D:12     | Offered knowledge of Bolt of Cold by Vehumet.
 14346 | D:12     | Reached skill level 12 in Conjurations
 14740 | D:12     | Found a staircase to the Orcish Mines.
 14895 | D:12     | Noticed an unseen horror
 14902 | D:12     | Killed an unseen horror
 14902 | D:12     | Reached XP level 12. HP: 66/68 MP: 16/26
 14926 | D:12     | Noticed an unseen horror
 14930 | D:12     | Killed an unseen horror
 15416 | Lair:1   | Entered Level 1 of the Lair of Beasts
 15424 | Lair:1   | Learned a level 4 spell: Iskenderun's Mystic Blast
 15449 | Lair:1   | Noticed Grum
 15460 | Lair:1   | Killed Grum
 15538 | Lair:1   | Reached skill level 10 in Fire Magic
 16111 | Lair:1   | Offered knowledge of Spellforged Servitor by Vehumet.
 16768 | Lair:2   | Noticed a five-headed hydra
 16774 | Lair:2   | Killed a five-headed hydra
 16841 | Lair:2   | Reached skill level 13 in Conjurations
 17550 | Lair:3   | Noticed a catoblepas
 17560 | Lair:3   | Killed a catoblepas
 18368 | Lair:4   | Noticed a five-headed hydra
 18373 | Lair:4   | Noticed a five-headed hydra
 18373 | Lair:4   | Killed a five-headed hydra
 18385 | Lair:4   | Killed a five-headed hydra
 18385 | Lair:4   | Reached XP level 13. HP: 35/75 MP: 7/28
 18963 | Lair:4   | Reached skill level 10 in Spellcasting
 19080 | Lair:4   | Noticed a catoblepas
 19087 | Lair:4   | Killed a catoblepas
 19436 | Lair:5   | Reached skill level 14 in Conjurations
 19626 | Lair:5   | Reached skill level 10 in Dodging
 19736 | Lair:5   | HP: 3/76 [porcupine's spines (9)]
 19736 | Lair:5   | Slain by a porcupine

Vault maps used:
D:1:      roderic_octagonal_star, nemelex_xobeh_ov_fountains_minmay
D:2:      yredelemnul_altar_generic, kennysheep_generic_room_10
D:3:      first_bread, minmay_misc_feat_room
D:4:      minmay_temple_entry_hall, uniq_robin
D:5:      okawaru_metal_pillars_3
D:6:      lemuel_coloured_pillars_altar, nicolae_overflow_crystal_walls,
          nicolae_gozag_seed_capital, xom_butterflies, serial_shops, shop
D:7:      overflow_temple_1_default, trog_ov_bears_minmay
D:8:      lair_0_dummy, hangedman_tree_tricks
D:9:      serial_shops, shop_fountains, serial_bayou, serial_bayou_shore_b,
          serial_bayou_ford_a, serial_bayou_lake_a, serial_bayou_shore_b
D:10:     serial_glass, glass_columns_a, glass_columns_a, glass_columns_c,
          glass_columns_a, special_room
D:11:     nicolae_trove_entry_columns, nicolae_sextant, grunt_ministairs_4,
          uniq_erica
D:12:     orc_0_dummy, jiyva_altar_1
Temple:   circular_temple_12
Lair:1:   grunt_megastairs_2, uniq_grum
Lair:2:   st_stairs_5
Lair:3:   nicolae_volcano_entry_vermiform
Lair:4:   wad_woods_01
Lair:5:   dummy_spider_entry, grunt_forest_small_clearings

Action                   |  1- 3 |  4- 6 |  7- 9 | 10-12 | 13-15 || total
-------------------------+-------+-------+-------+-------+-------++-------
Melee: Short sword       |     3 |       |     6 |       |       ||     9
       Staff             |       |       |       |    18 |     4 ||    22
 Cast: Magic Dart        |    77 |   191 |   216 |   299 |    68 ||   851
       Searing Ray       |       |     4 |    19 |    29 |     2 ||    54
       Iskenderun's Batt |       |       |    16 |    40 |    12 ||    68
       Bolt of Magma     |       |       |       |    96 |    38 ||   134
       Force Lance       |       |       |       |     5 |     1 ||     6
       Mephitic Cloud    |       |       |       |     5 |     3 ||     8
       Ignite Poison     |       |       |       |     5 |     2 ||     7
       Iskenderun's Myst |       |       |       |    18 |     1 ||    19
Evoke: Wand              |       |       |       |     1 |       ||     1
  Use: Scroll            |     3 |       |     2 |    25 |     2 ||    32
       Potion            |       |       |       |     2 |     3 ||     5
  Eat: Chunk             |     2 |    11 |    19 |    43 |    12 ||    87
       Beef jerky        |       |     1 |       |       |       ||     1
       Fruit             |       |       |       |     7 |       ||     7
